Cogmind - Beta 15 @@@ ROGUE MODE // 2025.05.17 @ 11:57:41 Player: Eggpie Result: Destroyed by G-34 Mercenary with Small Laser Performance ------------- Evolutions (1) 500 Regions Visited (3) 600 Robots Destroyed (19) 95 Value Destroyed (344) 344 Prototype IDs (4) 80 Alien Tech Used (0) 0 Bonus (0) 0 TOTAL SCORE: 1619 Bonus ------- None Cogmind --------- Core Integrity 0/400 Matter 224/300 Energy 100/100 System Corruption 6% Temperature Cool (6) Movement Core (50) Location -9/Storage Parts ------- > --- POWER (1) -------- (None) > --- PROPULSION (3) --- (None) > --- UTILITY (3) ------ Targeting Computer Hacking Suite > --- WEAPON (2) ------- (None) > --- INVENTORY (5) ---- Weight Redist. System Shield Generator Tractor Beam Peak State ------------ > --- POWER ------------ Light Ion Engine > --- PROPULSION ------- Flight Unit > --- UTILITY ---------- Targeting Computer Targeting Computer Hacking Suite > --- WEAPON ----------- Light Assault Rifle Light Assault Rifle > --- INVENTORY -------- Tractor Beam Light Assault Rifle [Rating: 9] Favorites ----------- Power Light Ion Engine Engine Light Ion Engine Propulsion Flight Unit Wheel Wheel Flight Unit Flight Unit Utility Targeting Computer Device Weight Redist. System Storage Small Storage Unit Processor Targeting Computer Hackware Hacking Suite Weapon Light Assault Rifle Energy Gun Medium Laser Ballistic Gun Light Assault Rifle Build | -11 -10 -9 -9 ------- Run | Yrd Mat Mat Sto Slots Evolved 2 | . . 2 . Power . | . . . . Propulsion 1 | . . 1 . Utility 1 | . . 1 . Weapon . | . . . . Parts Attached 25 | 6 13 5 1 Power 4 | 1 2 1 . Engine 4 | 1 2 1 . Core . | . . . . Reactor . | . . . . Propulsion 7 | 2 4 . 1 Treads . | . . . . Leg . | . . . . Wheel 2 | 2 . . . Hover . | . . . . Flight 5 | . 4 . 1 Utility 7 | 1 4 2 . Device 2 | . 2 . . Storage 1 | 1 . . . Processor 3 | . 2 1 . Hackware 1 | . . 1 . Protection . | . . . . Artifact . | . . . . Weapon 7 | 2 3 2 . Energy Gun 2 | 2 . . . Energy Cannon . | . . . . Ballistic Gun 5 | . 3 2 . Ballistic Cannon . | . . . . Launcher . | . . . . Special Weapon . | . . . . Impact Weapon . | . . . . Slashing Weapon . | . . . . Piercing Weapon . | . . . . Special Melee Weapon . | . . . . Unidentified Prototypes . | . . . . Parts Lost 12 | . 2 7 3 Power 2 | . . 2 . Propulsion 5 | . 2 2 1 Utility 1 | . . . 1 Weapon 4 | . . 3 1 Highest Loss Streak 3 | . 1 3 3 To Critical Strikes 1 | . 1 . . Average Backups 3 | . 4 3 2 Power . | . 1 . . Propulsion . | . . . . Utility 1 | . 1 1 2 Weapon 1 | . 1 1 . Tool/Special . | . . . . Unused Backups 5 | . 3 . 2 Power . | . . . . Propulsion . | . . . . Utility 4 | . 2 . 2 Weapon 1 | . 1 . . Tool/Special . | . . . . Average Slot Usage (%) 83 | . 94 62 44 Engine 10 | . 14 5 . Wheel 3 | . 5 . . Flight 17 | . 22 9 3 Device 5 | . 7 3 . Storage 2 | . 3 . . Processor 14 | . 12 18 20 Hackware 2 | . . 7 11 Energy Gun 4 | . 6 . . Ballistic Gun 19 | . 21 18 9 Peak Build Rating 9 | 6 8 9 8 Average Rating 7 | 3 7 7 6 On Entrance 5 | . 6 8 6 Naked Turns . | . . . . Heaviest Build 13 | 12 13 5 1 Greatest Support 20 | 20 20 14 4 Greatest Overweight (x) 3 | . 3 1 . Average Overweight (x) . | . . . . Largest Inventory Capacity 8 | 8 8 5 5 Average Capacity 5 | 7 5 5 5 Most Carried 5 | 3 5 5 3 Average Carried 3 | 1 4 2 2 Final Capacity 8 | 8 5 5 5 Final Carried 5 | 1 5 2 3 Class Distribution -------------------- 66% | Scavenger-Mutant 33% | Mutant Dominant Class ---------------- Scavenger-Mutant | -10/Materials Mutant | -9/Materials Mutant | -9/Storage Resources | -11 -10 -9 -9 ----------- Run | Yrd Mat Mat Sto Matter Collected 439 | 57 278 . 104 Remotely . | . . . . Salvage Created 488 | . 488 . . Parts 42 | . 42 . . Haulers Intercepted 1 | . 1 . . Recyclers Shooed . | . . . . Parts Field Recycled . | . . . . Retrieved Matter . | . . . . Parts Self-Destructed . | . . . . Prevented . | . . . . Kills | -11 -10 -9 -9 ------- Run | Yrd Mat Mat Sto Combat Hostiles Destroyed 15 | . 15 . . Guns 15 | . 15 . . Classes Destroyed 5 | . 5 . . Hauler 1 | . 1 . . Operator 2 | . 2 . . Watcher 1 | . 1 . . Swarmer 9 | . 9 . . Grunt 6 | . 6 . . Best Kill Streak 7 | . 7 . . Combat Bots Only 6 | . 6 . . Max Kills in Single Turn 2 | . 2 . . Gunslinging 1 | . 1 . . Exploded . | . . . . Melee . | . . . . Uniques/NPCs Destroyed . | . . . . Combat | -11 -10 -9 -9 -------- Run | Yrd Mat Mat Sto Hostile Shots Fired 179 | . 87 67 25 Missed 67 | . 32 26 9 Hits 112 | . 55 41 16 Melee 1 | . . . 1 Projectile 111 | . 55 41 15 Critical Strikes 3 | . 1 2 . Damage Taken 1240 | . 485 525 230 Core 511 | . 104 233 174 Absorbed by Shields . | . . . . Regen/Repaired (Parts) 16 | . . 16 . Core Remaining (%) 79 | 100 58 . . Volleys Fired 80 | 1 68 11 . Largest 2 | 2 2 2 . Hottest 100 | 100 100 40 . Shots Fired 157 | 2 136 19 . Gun 157 | 2 136 19 . Cannon . | . . . . Launcher . | . . . . Special . | . . . . Kinetic 135 | . 116 19 . Thermal 22 | 2 20 . . Explosive . | . . . . Electromagnetic . | . . . . Robot Hit Streak 15 | . 8 15 . Robot Miss Streak 4 | 2 4 3 . Penetration Max . | . . . . Secondary Targets 6 | . 6 . . Max Gunslinging Chain 1 | . 1 . . Shots Hit Robots 95 | . 80 15 . Core Hits 37 | . 32 3 2 Critical Kills . | . . . . Critical Parts Destroyed . | . . . . Critical Strikes . | . . . . Melee Attacks . | . . . . Impact . | . . . . Slashing . | . . . . Piercing . | . . . . Sneak Attacks . | . . . . Combat Hostiles . | . . . . Follow-up Attacks . | . . . . Damage Inflicted 883 | . 739 131 13 Guns 867 | . 739 128 . Cannons . | . . . . Explosions . | . . . . Melee . | . . . . Ramming 16 | . . 3 13 Kinetic 690 | . 562 128 . Thermal 177 | . 177 . . Explosive . | . . . . Electromagnetic . | . . . . Impact . | . . . . Slashing . | . . . . Piercing . | . . . . Highest Corruption 6 | . . . 6 Average Corruption 5 | . . . 5 Corruption Purged . | . . . . Corruption Blocked . | . . . . Effects 1 | . . . 1 Matter Fused 1 | . . . 1 Overload Shots . | . . . . Overflow Damage . | . . . . Projectiles . | . . . . Explosions . | . . . . Melee . | . . . . Knockbacks . | . . . . Impact . | . . . . Kinetic . | . . . . Secondary . | . . . . Self-Inflicted Damage 6 | . . 1 5 Shots . | . . . . Rammed 5 | . . 1 4 Targets Rammed 5 | . . 1 4 Kicked . | . . . . Crushed . | . . . . Highest Temperature 102 | 39 102 7 . Average Temperature 16 | 26 16 3 . Received Heat Transfer 417 | . 102 243 72 Siege Activations . | . . . . Martial Activations . | . . . . Shielding Activations . | . . . . Robots Disrupted . | . . . . Combat Hostiles . | . . . . Robots Corrupted . | . . . . Combat Hostiles . | . . . . Parts Fried . | . . . . Impact Corruptions . | . . . . Robots Melted . | . . . . Combat Hostiles . | . . . . Parts Melted . | . . . . Heat Transferred 518 | . 518 . . Parts Sabotaged . | . . . . Parts Stolen . | . . . . Parts Stripped . | . . . . Power Chain Reactions . | . . . . Alert | -11 -10 -9 -9 ------- Run | Yrd Mat Mat Sto Maximum Alert Level 1 | . 1 . . Low Security (%) 89 | 100 84 100 100 Level 1 10 | . 15 . . Level 2 . | . . . . Level 3 . | . . . . Level 4 . | . . . . Level 5 . | . . . . High Security . | . . . . Max Security . | . . . . Peak Influence 237 | . 237 119 53 Initial 98 | . . 98 41 Average 112 | . 142 76 29 Influence Increases 573 | . 430 131 12 Destroy 0b10 Robot/C 300 | . 300 . . Destroy 0b10 Robot/NC 20 | . 20 . . Destroy Leader 84 | . 84 . . Successful Hack 49 | . 26 11 12 Lose Combat Pursuer 120 | . . 120 . Influence Decreases 570 | . 196 266 108 Entered New Map 194 | . . 136 58 Time Decay 256 | . 176 60 20 Lost Part 120 | . 20 70 30 Squads Dispatched 8 | . 6 1 1 Investigation 3 | . 2 . 1 Extermination . | . . . . Reinforcement 5 | . 4 1 . Assault . | . . . . Garrison . | . . . . Intercept . | . . . . Searches Triggered . | . . . . Construction Impeded . | . . . . Haulers Reinforced . | . . . . Active Scanning Responses . | . . . . Cargo Convoy Interrupts . | . . . . Stealth | -11 -10 -9 -9 --------- Run | Yrd Mat Mat Sto Distress Signals 1 | . . 1 . Communications Jammed . | . . . . Distress Signals . | . . . . Times Spotted 51 | . 25 20 6 Peak Tracking Total 11 | . 6 11 7 Tactical Retreats 3 | . . 3 . Traps | -11 -10 -9 -9 ------- Run | Yrd Mat Mat Sto Traps Triggered 1 | . 1 . . Indirectly . | . . . . Trap Hack Attempts . | . . . . Triggered . | . . . . Disarmed . | . . . . Reprogrammed . | . . . . Reused . | . . . . Traps Extracted . | . . . . Installed . | . . . . Triggered . | . . . . Machines | -11 -10 -9 -9 ---------- Run | Yrd Mat Mat Sto Machines Disabled . | . . . . Max in Single Turn . | . . . . Machines Repaired . | . . . . Machines Dismantled . | . . . . Machines Sabotaged . | . . . . Overloaded Fab Kills . | . . . . Hacking | -11 -10 -9 -9 --------- Run | Yrd Mat Mat Sto Machines Accessed 9 | . 4 2 3 Terminals 6 | . 3 1 2 Fabricators . | . . . . Repair Stations 1 | . . 1 . Recycling Units 2 | . 1 . 1 Scanalyzers . | . . . . Garrison Access . | . . . . Total Hacks 30 | . 13 7 10 Successful 17 | . 4 5 8 Failed 13 | . 9 2 2 Catastrophic 2 | . 1 . 1 Database Lockouts . | . . . . Manual . | . . . . Terminals 24 | . 12 4 8 Fabricators . | . . . . Repair Stations 3 | . . 3 . Recycling Units 3 | . 1 . 2 Scanalyzers . | . . . . Garrison Access . | . . . . Terminal Hacks 12 | . 3 3 6 Record 3 | . . 1 2 Part Schematic 1 | . . . 1 Prototype ID Bank 2 | . 2 . . Terminal Index 1 | . . . 1 Scanalyzer Index 1 | . 1 . . Alert Level 2 | . . 1 1 Surveillance Status 1 | . . 1 . Hauler Manifests 1 | . . . 1 Fabricator Hacks . | . . . . Repair Station Hacks 2 | . . 2 . Scan Component 1 | . . 1 . Repair 1 | . . 1 . Recycling Unit Hacks 3 | . 1 . 2 Report Inventory 2 | . 1 . 1 Retrieve Components 1 | . . . 1 Scanalyzer . | . . . . Garrison Access Hacks . | . . . . Unauthorized Hacks . | . . . . Terminals . | . . . . Fabricators . | . . . . Repair Stations . | . . . . Recycling Units . | . . . . Scanalyzers . | . . . . Garrison Access . | . . . . Data Cores Recovered . | . . . . Used . | . . . . Hacking Detections 6 | . 3 1 2 Full Trace Events 3 | . 2 . 1 Feedback Events . | . . . . Feedback Blocked . | . . . . Robot Schematics Acquired . | . . . . Robots Built . | . . . . Authchips . | . . . . Time . | . . . . Total Robot Build Rating . | . . . . Part Schematics Acquired 1 | . . . 1 Parts Built . | . . . . Authchips . | . . . . Time . | . . . . Total Part Build Rating . | . . . . Parts Repaired 1 | . . 1 . Time 32 | . . 32 . Parts Recycled . | . . . . Recycled Matter . | . . . . Retrieved Matter . | . . . . Retrieved Components 3 | . . . 3 Parts Scanalyzed . | . . . . Part Schematics Acquired . | . . . . Parts Damaged . | . . . . Bothacking | -11 -10 -9 -9 ------------ Run | Yrd Mat Mat Sto Used RIF Installer . | . . . . Robots Hacked . | . . . . Non-combat . | . . . . Combat . | . . . . Robot Hacks Applied . | . . . . Relay Couplers Released . | . . . . Fabnet Peak Effective % . | . . . . Robots Rewired . | . . . . Allies Hacked . | . . . . Hacks Repelled . | . . . . Allies | -11 -10 -9 -9 -------- Run | Yrd Mat Mat Sto Total Allies . | . . . . Largest Group . | . . . . Highest-Rated Group . | . . . . Highest-Rated Ally . | . . . . Total Orders . | . . . . Ally Attacks . | . . . . Total Damage . | . . . . Kills . | . . . . Allies Corrupted . | . . . . Allies Melted . | . . . . Intel | -11 -10 -9 -9 ------- Run | Yrd Mat Mat Sto Active Infowar (turns) 176 | . 176 . . Optics 176 | . 176 . . Robot Analysis Total . | . . . . Derelict Logs Recovered . | . . . . Drone Launches . | . . . . Drone Recoveries . | . . . . Exploration | -11 -10 -9 -9 ------------- Run | Yrd Mat Mat Sto Turns Passed 656 | 38 439 129 50 Spaces Moved 822 | 30 506 187 99 Core 166 | 6 . 108 52 Treads . | . . . . Legs . | . . . . Wheels 81 | 24 57 . . Hover . | . . . . Flight 575 | . 449 79 47 Fastest Speed 35 | 50 37 37 35 Average Speed 45 | 74 43 46 42 Slowest Speed 285 | 80 285 120 50 Overloaded Moves . | . . . . Propulsion Burnouts . | . . . . Robots Hopped 6 | . 4 2 . Potential Cave-ins . | . . . . Cave-ins Triggered . | . . . . Exploration Rate (%) 35 | 3 95 20 22 Regions Visited 3 Branch Regions 1 Pre-discovered Areas . | . . . . Known Exits Taken . | . . . . Unknown Exits Taken 3 | 1 1 1 . Scrap Searched . | . . . . Spaces Dug . | . . . . Terrain Destroyed . | . . . . Melee . | . . . . Projectile . | . . . . AOE . | . . . . Terrain Rammed . | . . . . Walls Destroyed . | . . . . Machines Disabled . | . . . . Actions | -11 -10 -9 -9 --------- Run | Yrd Mat Mat Sto Total 969 | 43 609 211 106 Wait 8 | . . 8 . Move 809 | 29 498 183 99 Hop 4 | . 3 1 . Pick Up 25 | 7 14 2 2 Fast Attach 3 | . 3 . . Attach 17 | 6 5 5 1 Detach . | . . . . Swap 5 | . 5 . . Drop 13 | . 13 . . Fire 80 | 1 68 11 . Melee . | . . . . Ram 5 | . . 1 4 Kick . | . . . . Crush . | . . . . Escape Stasis . | . . . . Rewire . | . . . . Trap . | . . . . Miscellaneous . | . . . . Route ------- -11/Scrapyard -10/Materials (discovered 4 exits: *Mat x3 / [*Min]) -9/Materials -9/Storage History --------- Turn | Location | Event 6 | -11/Scrapyard | Discovered new exit (range 16) 39 | -11/Scrapyard | Entered Materials 161 | -10/Materials | Discovered new exit (range 14) 207 | -10/Materials | Discovered new exit (range 18) 259 | -10/Materials | Discovered new exit (range 16) 424 | -10/Materials | Build established: Scavenger-Mutant 470 | -10/Materials | Discovered new exit (range 6) 478 | -10/Materials | Entered another Materials area 478 | -9/Materials | Evolved 2 slots: Propulsion x1, Utility x1 535 | -9/Materials | Lost 3 parts (1p1n1w) 544 | -9/Materials | Repaired Weight Redist. System 580 | -9/Materials | Lost 3 parts (1p1n1w) 598 | -9/Materials | Core integrity fell below 50% 602 | -9/Materials | Discovered new exit (range 10) 607 | -9/Materials | Entered Storage 650 | -9/Storage | Core integrity fell below 20% 657 | -9/Storage | Destroyed by G-34 Mercenary with Small Laser Last Messages --------------- Demolishers until a more permanent solution can be put in place. >>Schematic(Assault Cannon) Downloading schematic... Assault Cannon Rating: 3 Schematic downloaded. 00634_ K-01 Serf collects debris. 00637_ K-01 Serf cleans the Transfer Shaft. 00637_ VTOL Module destroyed. 00640_ Lgt. Assault Rifle destroyed. 00640_ System corrupted by crushing effect (+4). 00640_ Slammed into B-36 Bruiser. 00641_ Targeting Computer destroyed. 00641_ System corrupted by crushing effect (+2). 00642_ K-01 Serf collects debris. 00642_ Slammed into B-36 Bruiser. 00645_ K-01 Serf collects debris. 00646_ System corrupted: Matter fused (-7). 00648_ K-01 Serf collects debris. Map ----- +----------------------------------------------------+ | ?????????????????????????????????????????????????? | | ?????????????????????????????????????????????????? | | ?????????????????????????????????????????????????? | | ?????????????????????????????????????????????????? | | ?????????????????????????????????????????????????? | | ?????????????????????????????????????????????????? | | ?????????????????????????????????????????????????? | | ?????????????????????????????????????????????????? | | ?????????????????????????????????????????????????? | | ?????????????????????????????????????????????????? | | ?????????????????????????????????????????????????? | | ?????????????????????????????????????????????????? | | ?????????????????????????????????????????????????? | | ?????????????????????????????????????????????????? | | ?????????????????????????????????????????????????? | | ?????????????????????????????????????????????????? | | ?????????????????????????????????????????????????? | | ?????????????????????????????????????????????????? | | ????????# ???????????????????????????????????????? | | ????????# ??????????????????????????????????????? | | ???????? ###########??????????????????????????? | | ???????? g #######????????????????????? | | ????????? #????????????????????? | | ??????????????#g #????????????????????? | | ??????????????# #????????????????????? | | ??????????????# k @ #????????????????????? | | ??????????????+ ######+#????????????????????? | | ??????????????# #???????????????????????????? | | ??????????????# #???????????????????????????? | | ??????????????# #???????????????????????????? | | ??????????????# #???????????????????????????? | | ??????????????# #???????????????????????????? | | ??????????????# #### #???????????????????????????? | | ??????????????# #??# #???????????????????????????? | | ??????????????# #??# #???????????????????????????? | | ?????##########/####+#???????????????????????????? | | ?????# # #???????????????????????????? | | ?????# # #???????????????????????????? | | ?????# + #???????????????????????????? | | ?????# # [[ = ]#???????????????????????????? | | ?????# # #???????????????????????????? | | ?????## #############??????????????????????????? | | ??????# # #??????????????????????????? | | ??????# # """ """ ###????????????????????????? | | ??????# # """ """ ""#????????????????????????? | | ??????# + """ """ T"#????????????????????????? | | ??????# # ""#????????????????????????? | | ??????# # ###????????????????????????? | | ??????# # #??????????????????????????? | | ####### #############??????????????????????????? | +----------------------------------------------------+ Best States ------------- Heat Dissipation 35 Energy Generation 10 Energy Capacity 125 Matter Stores 224 Matter Capacity 300 Sight Range 18 Terrain Scan Density 10 Additional Mass Support 6 Evasion (%) 63 Targeting Accuracy 10 Offensive Hacking 10 Item Schematics ----------------- Assault Cannon | -9/Storage | Hacked Robot Schematics ------------------ None Fabricated ------------ Nothing Repaired ---------- Weight Redist. System | 27% | -9/Materials Alien Tech Used ----------------- None Achievements -------------- None Challenges ------------ None Game ------ Seed OvertunedLinearRipteeth Manual? 0 Play Time 00:15:06 Cumulative 26.2 hours Start 2025.05.17 @ 11:13:35 End 2025.05.17 @ 11:57:41 Sessions 1 Manual Loads 0 Difficulty Rogue Special Mode None Game No. 19 Rogue 13 Adventurer 0 Explorer 6 Win Type - Total 1 Types 1/0/0/0/0/0/0/0/0/0 Lore% 12 Gallery% 39 Achievement% 39 Wizard Run 0 Options --------- Layout 1 ASCII 0 Keyboard 0 Movement Mouse Keybinds 0 Fullscreen 1 Font 36/Smallcaps Map View 50x35 Zoom Use 0% Tactical HUD 1 Map Filters NONE Filters NONE Steam 1 RUN: 3a943a8b-0818-418f-83ba-fa172f37580c